 Dungeon Crawl Stone Soup version 0.28-a0-861-ge64d6db94f (webtiles) character file.

Game seed: 13254347339245502268

392 Twinkles the Sneak (level 6, -1/41 HPs)
             Began as a Vampire Summoner on Nov 15, 2021.
             Was an Initiate of Ashenzari.
             Slain by a wolf (3 damage)
             ... on level 3 of the Dungeon.
             The game lasted 00:47:05 (5490 turns).

Twinkles the Sneak (Vampire Summoner)               Turns: 5490, Time: 00:47:06

Health: -1/41      AC:  2    Str:  9    XL:     6   Next: 50%
Magic:  5/11       EV: 13    Int: 18    God:    Ashenzari [......]
Gold:   207        SH:  0    Dex: 14    Spells: 6/12 levels left

rFire   . . .      SeeInvis +   a - +2 dagger (speed)
rCold   . . .      Faith    .   (no shield)
rNeg    . . .      Spirit   .   b - +0 robe
rPois   .          Reflect  .   (no helmet)
rElec   .          Harm     .   (no cloak)
rCorr   .          Rampage  .   (no gloves)
Will    .....                   (no boots)
Stlth   +++.......              (no amulet)
HPRegen 0.33/turn               (no ring)
MPRegen 0.12/turn               (no ring)

@: healing quickly
A: alive, fangs 3, see invisible, vampiric 2
a: Exsanguinate, Renounce Religion


You were on level 3 of the Dungeon.
You worshipped Ashenzari.
Ashenzari was noncommittal.
You visited 2 branches of the dungeon, and saw 6 of its levels.

You collected 207 gold pieces.

Inventory:

Hand Weapons
 a - a +2 dagger of speed (weapon)
 m - a +0 dagger
 n - a +0 vampiric dagger
Missiles
 c - 6 poisoned darts
 s - 88 stones
Armour
 b - a +0 robe (worn)
 h - a +0 kite shield
Wands
 y - a wand of mindburst (16)
Scrolls
 d - a scroll of identify {unknown}
 e - a scroll of amnesia {unknown}
 f - a scroll of fear {unknown}
 g - a scroll of enchant weapon {unknown}
 i - a scroll of silence {unknown}
 k - 2 scrolls of enchant armour {unknown}
 l - a scroll of fog {unknown}
 Y - 3 scrolls of teleportation
Potions
 j - a potion of haste
 o - a potion of magic {unknown}
 p - a potion of brilliance {unknown}
 q - a potion of mutation {unknown}
 r - a potion of ambrosia {unknown}


   Skills:
 + Level 4.2 Dodging
 + Level 6.1 Stealth
 + Level 3.6 Spellcasting
 + Level 5.2 Summonings


You had 6 spell levels left.
You knew the following spells:

 Your Spells              Type           Power      Damage    Failure   Level
a - Summon Small Mammal   Summ           88%        N/A       1%          1
b - Call Imp              Summ           22%        N/A       2%          2
c - Call Canine Familiar  Summ           22%        N/A       5%          3

Your spell library contained the following spells:

 Spells                   Type           Power      Damage    Failure   Level
 Animate Skeleton         Necr           6%         N/A       16%         1
 Pain                     Necr           12%        1d4       16%         1
 Summon Guardian Golem    Hex/Summ       12%        N/A       16%         3
 Vampiric Draining        Necr           3%         2d6       43%         3
 Summon Lightning Spire   Summ/Air       12%        N/A       45%         4


Dungeon Overview and Level Annotations

Branches:
Dungeon (5/15)             Temple (1/1) D:4

Altars:
Ashenzari
Cheibriados
Dithmenos
Elyvilon
Gozag
Hepliaklqana
Kikubaaqudgha
Nemelex Xobeh
Okawaru
Qazlal
Trog
Uskayaw
Xom
Yredelemnul
Zin
The Shining One

Shops:
D:1 :

Annotations:
D:2 !phantom


Innate Abilities, Weirdness & Mutations

Your natural rate of healing is accelerated.
You have razor-sharp teeth.
You have supernaturally acute eyesight. (SInv)
You are afflicted with vampirism and can become a bat while bloodless.


Message History

Your hound bites the hound.
Your hound bites the hound.
The hound bites your hound.
Your hound closely misses the hound.
There is a stone staircase leading up here.
The hound closely misses your hound. The wolf closely misses you.
Your hound bites the hound.
The hound misses your hound. The wolf barely misses you.
You climb upwards.
There is a stone staircase leading down here.
Casting: Summon Small Mammal (safe; 1% risk of failure)
Press: ? - help, Q - select action, (/) - cycle Dir - look around, f - activate The wolf closely misses you.
The wolf barely misses you.
Casting: Call Canine Familiar (dangerous; 5% risk of failure)
Press: ? - help, Q - select action, (/) - cycle Dir - look around, f - activate The wolf bites you.
The wolf barely misses you.
Your quokka barely misses the wolf.
Your hound bites the wolf but does no damage.
The wolf bites you.
Your hound bites the wolf but does no damage.
Your hound barely misses the wolf.
The wolf closely misses you.
Casting: Call Imp (safe; 2% risk of failure)
Press: ? - help, Q - select action, (/) - cycle Dir - look around, f - activate A beastly little devil appears in a puff of flame.
The wolf barely misses you.
Your quokka misses the wolf. Your hound misses the wolf. The wolf bites you.
Your quokka bites the wolf.
Your hound bites the wolf but does no damage.
Your crimson imp misses the wolf.
The wolf bites you!
* * * LOW HITPOINT WARNING * * *
Your hound barely misses the wolf.
The wolf bites you.
* * * LOW HITPOINT WARNING * * *
The wolf completely misses you.
Your quokka closely misses the wolf.
Your hound misses the wolf. The wolf bites you!
* * * LOW HITPOINT WARNING * * *
Your quokka bites the wolf.
Okay, then.
Unknown command.
The wolf bites you.
You die...

##### #...# ###
#.#.###.######
#...@hh......#
###.###r.....# ######.#
#......# #......#
#......# ##.#...#
#......# #.#...#
#5.....# #.#...#
#......########
#.#...###>.............
#.#...#................


You could see a wolf (ally target), a friendly hound (summoned) and a friendly
quokka (summoned).

Vanquished Creatures
  An adder (D:4)
  An orc (D:4)
  4 endoplasms
  2 goblins
  2 hobgoblins
  2 kobolds (D:1)
  A quokka (D:2)
  6 ball pythons
  3 bats
  2 frilled lizards (D:1)
  2 rats (D:1)
26 creatures vanquished.

Vanquished Creatures (collateral kills)
  2 ogres (D:4)
  Ijyb (D:3)
  An iguana (D:4)
  An orc wizard (D:4)
  A howler monkey skeleton (D:3)
  2 gnolls (D:5)
  3 adders
  2 worms
  A dart slug (D:3)
  4 orcs
  3 endoplasms
  2 giant cockroaches
  4 goblins
  4 hobgoblins
  2 kobolds
  3 quokkas
  4 ball pythons
  5 bats
  5 rats
50 creatures vanquished.

Vanquished Creatures (others)
  4 fungi (D:3)
4 creatures vanquished.

Grand Total: 80 creatures vanquished

Notes
Turn   | Place    | Note
-------+----------+-------------------------------------------
     0 | D:1      | Twinkles the Vampire Summoner began the quest for the Orb.
     0 | D:1      | Reached XP level 1. HP: 13/13 MP: 3/3
    44 | D:1      | Reached XP level 2. HP: 18/19 MP: 3/5
   106 | D:1      | Learned a level 2 spell: Call Imp
   833 | D:1      | Found Ofeaz's Book Boutique.
  1284 | D:2      | Gained mutation: You are afflicted with vampirism and can
                  | become a bat while bloodless. [Vampire growth]
  1284 | D:2      | Reached XP level 3. HP: 24/24 MP: 6/6
  1326 | D:2      | Found a faded altar of an unknown god.
  1391 | D:2      | Learned a level 3 spell: Call Canine Familiar
  1519 | D:2      | Reached skill level 4 in Stealth
  2356 | D:3      | Found a basalt altar of Yredelemnul.
  2422 | D:3      | Reached XP level 4. HP: 30/30 MP: 5/7
  2610 | D:3      | Found a snail-covered altar of Cheibriados.
  2727 | D:3      | Noticed a phantom
  2748 | D:3      | Noticed Ijyb
  3168 | D:3      | Noticed a kobold brigand
  3208 | D:3      | HP: 8/30 [kobold brigand (9)]
  3215 | D:3      | HP: 7/30 [poisoned by a kobold brigand]
  3218 | D:3      | HP: 3/30 [poisoned by a kobold brigand]
  3575 | D:3      | Killed Ijyb
  4028 | D:4      | Noticed an ogre
  4043 | D:4      | Killed an ogre
  4044 | D:4      | Reached skill level 5 in Stealth
  4044 | D:4      | Reached XP level 5. HP: 35/35 MP: 4/9
  4115 | D:4      | Found a staircase to the Ecumenical Temple.
  4377 | D:4      | HP: 10/35 [orc wizard/puff of flame (7)]
  4382 | D:4      | HP: 3/35 [orc wizard/magic dart (8)]
  4395 | D:4      | Reached skill level 5 in Summonings
  4525 | D:4      | Noticed an ogre
  4570 | D:4      | Killed an ogre
  4571 | D:4      | Reached XP level 6. HP: 41/41 MP: 0/11
  4971 | Temple   | Entered the Ecumenical Temple
  5209 | Temple   | Became a worshipper of Ashenzari the Shackled
  5236 | D:5      | Entered Level 5 of the Dungeon
  5259 | D:4      | Reached skill level 6 in Stealth
  5485 | D:3      | HP: 11/41 [wolf (9)]
  5488 | D:3      | HP: 2/41 [wolf (9)]
  5490 | D:3      | Slain by a wolf

Illustrated notes

Levels and vault maps discovered:
D:1:      wander_arrival_lonely_grave, layout_basic, serial_shops,
          nicolae_shop_behind_doors, kennysheep_another_room,
          chequers_serial_rivers_marsh
D:2:      layout_loops_ring, nicolae_ecumenical_oubliette
D:3:      layout_basic, mainiacjoe_overflow_boulevard, old_standard_altar,
          minmay_misc_feat_doors, uniq_ijyb
D:4:      layout_loops_cross, minmay_temple_entry_grid,
          kennysheep_generic_room_7
D:5:      due_chaos_kobolds, layout_cave_pools, mainiacjoe_overflow_alcove_1,
          serial_shops, nicolae_shop_bloodbath_and_beyond, serial_gnoll_camp,
          gnoll_camp_mini_sergeant, gnoll_camp_mini_hut,
          gnoll_camp_mini_doghouse, gnoll_camp_mini_loothouse
Temple:   dpeg_chambers_temple

Skill      XL: |  1  2  3  4  5  6 |
---------------+-------------------+-----
Stealth        | 4 5 6 |  6.1
Dodging        | 3 4 |  4.2
Spellcasting   | 3 |  3.6
Summonings     | 5 |  5.2

Action                   |  1- 3 |  4- 6 || total
-------------------------+-------+-------++-------
Melee: Unarmed           |    11 |       ||    11
       Dagger            |   100 |    73 ||   173
       Bite              |    10 |     6 ||    16
Throw: Stone             |     1 |     1 ||     2
 Cast: Summon Small Mamm |    28 |    44 ||    72
       Call Imp          |    27 |    33 ||    60
       Call Canine Famil |       |     6 ||     6
  Use: Potion            |       |     3 ||     3
       Scroll            |       |     1 ||     1
 Stab: Sleeping          |     7 |     4 ||    11
Armor: Robe              |    32 |     9 ||    41
Dodge: Dodged            |    89 |    70 ||   159

Table legend: (Time is in decaauts)
 A = Elapsed time spent in this place.
 B = Non-inter-level travel time spent in this place.
 C = Inter-level travel time spent in this place.
 D = Time resting spent in this place.
 E = Time spent auto-exploring this place.
 F = Levels seen in this place.
 G = Mean time per level.
                   A        B        C        D        E       F      G
               +--------+--------+--------+--------+--------+-----+--------+
         Total |   5488 |   4980 |    508 |    177 |   3335 |   6 |  914.7 |
       Dungeon |   5236 |   4774 |    462 |    177 |   3144 |   5 | 1047.2 |
        Temple |    251 |    205 |     46 |      0 |    191 |   1 |  251.0 |
               +--------+--------+--------+--------+--------+-----+--------+

Top non-repeatable levels by time:
     D:3: 1507 daAuts
     D:2: 1212 daAuts
     D:4: 1204 daAuts
     D:1: 1180 daAuts
  Temple: 251 daAuts
     D:5: 131 daAuts
